 Dungeon Crawl Stone Soup version 0.23.2-1-ga50397a (webtiles) character file.

Game seed: 1071977173889914460

242 VAZYLA the Sneak (level 5, -3/40 HPs)
             Began as a Vampire Assassin on May 30, 2019.
             Killed by divine providence
             ... invoked by an orc priest
              (14 damage)
             ... on level 4 of the Dungeon.
             The game lasted 00:05:47 (3292 turns).

VAZYLA the Sneak (Vampire Assassin)                 Turns: 3292, Time: 00:05:47

Health: -3/40      AC:  5    Str: 10    XL:     5   Next: 81%
Magic:  5/5        EV: 13    Int: 14    God:
Gold:   113        SH:  0    Dex: 16    Spells: 4/4 levels left

rFire    . . .     SeeInvis +   a - +2 dagger
rCold    . . .     Gourm    .   (no shield)
rNeg     + . .     Faith    .   h - +0 leather armour
rPois    +         Spirit   .   (no helmet)
rElec    .         Reflect  .   d - +0 cloak
rCorr    .         Harm     .   (no gloves)
MR       .....                  k - +0 pair of boots
Stlth    +++.......             (no amulet)
HPRegen  0.13/turn              s - +5 ring of slaying
MPRegen  0.09/turn              t - ring of poison resistance

@: no status effects
A: fangs 3, see invisible, unbreathing
a: Bat Form


You were on level 4 of the Dungeon.
You were not thirsty.

You visited 1 branch of the dungeon, and saw 4 of its levels.

You collected 113 gold pieces.

Inventory:

Hand Weapons
 a - a +2 dagger (weapon)
 b - a +0 blowgun
Missiles
 e - 20 poisoned needles
 f - 2 curare-tipped needles
Armour
 c - a +0 robe
 d - a +0 cloak (worn)
 h - a +0 leather armour (worn)
 k - a +0 pair of boots (worn)
Jewellery
 s - a +5 ring of slaying (left hand)
 t - a ring of poison resistance (right hand)
Scrolls
 g - a scroll of remove curse
 i - 2 scrolls of identify
 j - 2 scrolls of blinking {unknown}
 p - a scroll of immolation {unknown}
Potions
 l - 3 potions of cancellation
 m - 3 potions of curing
 n - a potion of heal wounds {unknown}
 o - a potion of flight {unknown}
 q - 13 potions of blood
 r - a potion of haste {unknown}


   Skills:
 + Level 2.9 Fighting
 + Level 3.5 Short Blades
 + Level 2.6 Throwing
 + Level 3.0 Dodging
 + Level 7.1 Stealth


You had 4 spell levels left.
You didn't know any spells.
Your spell library was empty.

Dungeon Overview and Level Annotations

Branches:
Dungeon (4/15)
 Temple: D:4-7

Altars:
Fedhas
Gozag
Makhleb
Nemelex Xobeh
Trog
The Shining One


Innate Abilities, Weirdness & Mutations

You have razor-sharp teeth.
You have supernaturally acute eyesight. (SInv)
You can survive without breathing.


Message History

The orc priest mumbles some strange prayers to Beogh against you.
Pain shoots through your body!
* * * LOW HITPOINT WARNING * * *
You hit the orc priest but do no damage.
The orc priest is moderately wounded.
The orc priest hits you with a +0 flail.
* * * LOW HITPOINT WARNING * * *
You hit the orc priest.
The orc priest is heavily wounded.
The orc priest casts a cantrip, but nothing happens.
You hit the orc priest.
The orc priest is almost dead.
You closely miss the orc priest.
The orc priest is almost dead.
The orc priest begins to cast a cantrip, but forgets the words!
You hit the orc priest but do no damage.
The orc priest is almost dead.
The orc priest invokes the aid of Beogh against you.
Beogh smites you!
You die...

....... ...... ..... ..#
..#####...## .. ....
#..........#...
....##...# ......... .
........###........
..##...... #.<#
..##.........###@[## ..#.
........#.#o..#... .....
#...$...........
.##..####....#..........
#.....#.....(##..#..#....
.............######.#....
#............# .# ...
###..##......### .. ..
...............# ..


You could see an orc priest.

Vanquished Creatures
  A hound (D:2)
  An orc wizard (D:4)
  A worker ant (D:3)
  4 gnolls (D:3)
  5 adders
  2 worms (D:3)
  3 dart slugs
  2 leopard geckos
  2 orcs
  3 giant cockroaches
  7 goblins
  8 hobgoblins
  3 jackals (D:3)
  3 quokkas
  A ball python (D:2)
  5 bats
  2 frilled lizards (D:1)
  7 kobolds
  13 rats
73 creatures vanquished.

Notes
Turn   | Place    | Note
-------+----------+-------------------------------------------
     0 | D:1      | VAZYLA the Vampire Assassin began the quest for the Orb.
     0 | D:1      | Reached XP level 1. HP: 16/16 MP: 1/1
   220 | D:1      | Reached skill level 6 in Stealth
   263 | D:1      | Reached XP level 2. HP: 20/22 MP: 2/2
   627 | D:2      | Reached XP level 3. HP: 27/27 MP: 3/3
   830 | D:2      | Found a sparkling altar of Nemelex Xobeh.
   896 | D:2      | Found a burning altar of Makhleb.
   900 | D:2      | Reached XP level 4. HP: 34/34 MP: 4/4
  1318 | D:3      | Found a blossoming altar of Fedhas.
  1323 | D:3      | Found a bloodstained altar of Trog.
  1484 | D:3      | Reached XP level 5. HP: 39/39 MP: 5/5
  1652 | D:3      | Found an opulent altar of Gozag.
  1719 | D:3      | Reached skill level 7 in Stealth
  2335 | D:3      | Found a glowing golden altar of the Shining One.
  3292 | D:4      | Killed from afar by an orc priest

Skill      XL: |  1  2  3  4  5 |
---------------+----------------+-----
Stealth        | 6 7 |  7.1
Fighting       | 2 |  2.9
Throwing       | 2 |  2.6
Dodging        | 2 3 |  3.0
Short Blades   | 3 |  3.5

Action                   |  1- 3 |  4- 6 || total
-------------------------+-------+-------++-------
Melee: Dagger            |    98 |   139 ||   237
       Bite              |    13 |    15 ||    28
 Fire: Blowgun           |       |     1 ||     1
 Abil: End Transformatio |       |     1 ||     1
       Bat Form          |       |     1 ||     1
  Use: Scroll            |     1 |     3 ||     4
       Potion            |       |     5 ||     5
 Stab: Sleeping          |    11 |    19 ||    30
Armor: Leather armour    |    26 |    22 ||    48
       Robe              |     1 |       ||     1
Dodge: Dodged            |    67 |    53 ||   120
